omghax, neutral male scurrid Tourist ------- |'WdPd| |PWnf$| |dWlQZ| .@WQ$$| |.QQ--- ----- omghax the Rambler Experience level: 1 Strength: 9 Dexterity: 15 Constitution: 11 Intelligence: 12 Wisdom: 8 Charisma: 20 Health: 0(9) Energy: 2(2) Def: 0 Gold: 875 Moves: 45 Dungeon seed: 8bW2HpH9P960JQqT Game ID: omghax_1498611857 Your Inventory: Coins $ - 875 gold pieces Weapons a - 49 uncursed +2 darts (in quiver) Armor e - an uncursed +0 Hawaiian shirt (being worn) Comestibles b - 3 uncursed chestnuts c - an uncursed carrot d - 3 uncursed food rations f - 2 uncursed tripe rations g - 2 uncursed candy bars Scrolls i - 3 uncursed scrolls of magic mapping j - a blessed scroll of magic mapping Potions h - 2 uncursed potions of extra healing Wands m - a blessed wand of secret door detection (0:12) Tools k - an uncursed expensive camera (0:70) l - an uncursed credit card n - an uncursed tin opener Spells and supernatural/magical abilities: Name Level Category Fail Memory W - pray for help -- divine ? -- Your skills at the end: Miscellaneous Skills wands [Basic] Weapon Skills dart [Basic] Spellcasting Skills Final Attributes: You were devoutly aligned. You had infravision. You were very stealthy. You are dead. Vanquished creatures: 2 grid bugs Voluntary challenges: You went without food. You did not adorn yourself with jewelry or accessories. You did not cause conflict. You were not invisible. You did not have reflection. You were not displaced. You were an atheist. You never hit with a wielded weapon. You were a pacifist. You did not use tools. You did not use plumbed fixtures. You did not drink any magical draughts. You were illiterate. You never genocided any monsters. You never polymorphed an object. You never changed form. You used no wishes. You never split a pudding. You never wrote Elbereth's name. You never violated your personal moral code. Dungeon overview: The Dungeons of Doom: levels 1 to 19 Level 1 a long staircase Level 2 Level 3 Level 4 Level 5 Level 6 Level 7 Level 8 Level 9 Level 10 Level 11 Level 12 Level 13 Level 14 Level 15 Level 16 Level 17 Level 18 Level 19 <- You were here History has recorded: On T:1 you entered the Dungeons of Doom to retrieve the Amulet of Yendor! On T:5 you reached level 2 of The Dungeons of Doom. On T:7 you reached level 3 of The Dungeons of Doom. On T:10 you reached level 4 of The Dungeons of Doom. On T:12 you reached level 5 of The Dungeons of Doom. On T:14 you reached level 6 of The Dungeons of Doom. On T:16 you reached level 7 of The Dungeons of Doom. On T:19 you reached level 8 of The Dungeons of Doom. On T:21 you reached level 9 of The Dungeons of Doom. On T:23 you reached level 10 of The Dungeons of Doom. On T:27 you reached level 11 of The Dungeons of Doom. On T:29 you reached level 12 of The Dungeons of Doom. On T:31 you reached level 13 of The Dungeons of Doom. On T:34 you reached level 14 of The Dungeons of Doom. On T:36 you reached level 15 of The Dungeons of Doom. On T:38 you reached level 16 of The Dungeons of Doom. On T:40 you reached level 17 of The Dungeons of Doom. On T:43 you reached level 18 of The Dungeons of Doom. On T:43 you entered the Rogue tribute level. On T:45 you reached level 19 of The Dungeons of Doom. Score breakdown: Gold: 808 ( 80 points) Experience: 1 level ( 0 points) Exploration: 19 levels ( 540 points) Discoveries: 1 item ( 50 points) Variety of kills: 1 monster ( 50 points) Major goal: (nothing yet) ( 0 points) Survival: died (score multiplied by 3) Total score: 2160 Latest messages: You fall through... You start digging downward. You continue digging downward. You dig a pit in the floor. You continue digging downward. You dig a hole through the floor. You fall through... You enter what seems to be an older, more primitive world. You start digging downward. You continue digging downward. You dig a pit in the floor. You continue digging downward. You dig a hole through the floor. You fall through... Welcome to David's treasure zoo! A-B bites the gray ooze. The elf-lord drinks a ruby potion! The elf-lord seems more experienced. The elf-lord wields a runed broadsword! The elf-lord swings his runed broadsword at you. The elf-lord slashes you! You die... Final status: Aloha omghax the Tourist, killed by an elf-lord... You died in The Dungeons of Doom on dungeon level 19 with 2160 points, and 875 pieces of gold, after 45 moves. You were level 1 with a maximum of 9 hit points when you died.